 Dungeon Crawl Stone Soup version 0.29-a0-824-gd827844252 (webtiles) character file.

Game seed: 7771724712139919631

13 Sabo the Shield-Bearer (level 2, 0/24 HPs)
             Began as a Formicid Fighter on July 9, 2022.
             Was a Follower of Nemelex Xobeh.
             Succumbed to an adder's poison
             ... on level 2 of the Dungeon.
             The game lasted 00:05:44 (988 turns).

Sabo the Shield-Bearer (Formicid Fighter)            Turns: 988, Time: 00:05:44

Health: 0/24       AC: 11    Str: 17 (20) XL:     2   Next: 50%
Magic:  2/2        EV:  4    Int:  4 (7)  God:    Nemelex Xobeh [*.....]
Gold:   90         SH:  4    Dex: 10 (13) Spells: 1/1 levels left

rFire   . . .      SeeInvis +   a - +0 war axe
rCold   . . .      Faith    .   c - +0 buckler
rNeg    . . .      Spirit   .   h - +0 plate armour
rPois   .          Reflect  .   (helmet unavailable)
rElec   .          Harm     .   (no cloak)
rCorr   .          Rampage  .   (no gloves)
Will    .....                   (no boots)
Stlth   ..........              (no amulet)
HPRegen 0.08/turn               (no ring)
MPRegen 0.08/turn               (no ring)

@: lethally poisoned (0 -> -2)
A: permanent stasis, dig shafts and tunnels, antennae 3, four strong arms
a: Dig, Shaft Self, Renounce Religion, Draw Escape, Draw Destruction, Draw
Summoning


You were on level 2 of the Dungeon.
You worshipped Nemelex Xobeh.
Nemelex Xobeh was aware of your devotion.
You visited 1 branch of the dungeon, and saw 2 of its levels.

You collected 90 gold pieces.

Inventory:

Hand Weapons
 a - a +0 war axe (weapon)
Armour
 b - a +0 scale mail
 c - a +0 buckler (worn)
 h - a +0 plate armour (worn)
Scrolls
 f - 2 scrolls of magic mapping
 g - a scroll of teleportation {unknown}
 i - a scroll of summoning
 l - a scroll of identify
Potions
 d - a potion of might
 e - a potion of haste {unknown}


   Skills:
 + Level 3.5 Fighting
 + Level 2.3 Axes
 + Level 3.4 Armour
 + Level 4.2 Shields


You had one spell level left.
You didn't know any spells.
Your spell library contained the following spells:

 Spells                   Type           Power      Damage    Failure   Level
 Sting                    Tmut/Pois      0%         1d3       100%        1
 Poisonous Vapours        Pois/Air       0%         N/A       100%        2
 Olgreb's Toxic Radiance  Pois           0%         N/A       100%        4


Dungeon Overview and Level Annotations

Branches:
Dungeon (2/15)

Altars:
Nemelex Xobeh


Innate Abilities, Weirdness & Mutations

You cannot be hasted, slowed, berserked, paralysed or teleported.
You can dig through walls and to a lower floor.
You have a pair of large antennae on your head. (SInv)
Your four strong arms can wield two-handed weapons with a shield.


Message History

The adder is moderately wounded.
You feel sick.
You are no longer poisoned.
The adder bites you. The adder bites you but does no damage.
You hit the adder.
The adder is moderately wounded.
The adder bites you but does no damage.
You miss the adder.
The adder is moderately wounded.
The adder barely misses you. The adder bites you but does no damage.
You miss the adder.
The adder is moderately wounded.
The adder bites you. The adder bites you but does no damage.
You closely miss the adder.
The adder is moderately wounded.
The adder bites you but does no damage. The adder closely misses you.
You miss the adder.
The adder is moderately wounded.
The adder bites you.
You are poisoned.
The adder poisons you! The adder bites you but does no damage.
You hit the adder but do no damage.
The adder is moderately wounded.
* * * LOW HITPOINT WARNING * * *
You feel very sick. The adder bites you.
* * * LOW HITPOINT WARNING * * *
The adder barely misses you.
You miss the adder.
The adder is moderately wounded.
* * * LOW HITPOINT WARNING * * *
You feel sick.
The adder bites you but does no damage. x2
You closely miss the adder.
The adder is moderately wounded.
* * * LOW HITPOINT WARNING * * *
You feel sick. The adder barely misses you. x2
You completely miss the adder.
The adder is moderately wounded.
You die...
Your body disappears without a glow.

#.##.###### #.......#.
#.##.... #.........
#.##.#.< #.........
#.##.### ###.........
#.##...†
#.........#.##.######
#.........#..#.#
#.........#..#.#
#..=@S....#....#
#^.............######
#....#####....>......
###.#.....#....######
##§.≈.....≈#...#
##.#§.≈[..≈≈.#..#
#.#..≈.≈≈≈.≈..#.######
#.#...§.≈≈≈≈≈≈#....[.#
#.#....≈§_≈......###.#


You could see an adder.

Vanquished Creatures
  A ball python (D:2)
  2 endoplasms (D:1)
  A giant cockroach (D:1)
  A goblin (D:2)
  A hobgoblin (D:1)
  2 jackals (D:2)
  A bat (D:1)
  2 rats (D:1)
11 creatures vanquished.

Notes
Turn   | Place    | Note
-------+----------+-------------------------------------------
     0 | D:1      | Sabo the Formicid Fighter began the quest for the Orb.
     0 | D:1      | Reached XP level 1. HP: 18/18 MP: 1/1
   405 | D:1      | Reached XP level 2. HP: 24/24 MP: 2/2
   903 | D:2      | Found a faded altar of an unknown god.
   954 | D:2      | Prayed at the altar of an unknown god.
   954 | D:2      | Became a worshipper of Nemelex Xobeh the Trickster
   954 | D:2      | Reached * piety under Nemelex Xobeh
   970 | D:2      | Received a gift from Nemelex Xobeh
   987 | D:2      | HP: 1/24 [poisoned by an adder]
   988 | D:2      | Succumbed to an adder's poison

Illustrated notes

Levels and vault maps discovered:
D:1:      mainiacjoe_arrival_reflecting_pool, layout_rooms,
          chequers_serial_rivers_room_b, serial_bayou_pond_a,
          wad_floor_pattern_1, chequers_serial_rivers_micro_d,
          minmay_tree_intersection, chequers_serial_rivers_marsh,
          minmay_misc_feat_hallway
D:2:      layout_basic, shapermc_ecumenical_altar_starsandcircs,
          minmay_misc_feat_five, minmay_tromino_v4_c

Action                   || total
-------------------------++-------
Melee: War axe           ||    53
  Use: Scroll            ||     3
       Potion            ||     2
Armor: Plate armour      ||    49
       Scale mail        ||     4
Dodge: Dodged            ||    18
Block: Buckler           ||    13

Table legend: (Time is in decaauts)
 A = Elapsed time spent in this place.
 B = Non-inter-level travel time spent in this place.
 C = Inter-level travel time spent in this place.
 D = Time resting spent in this place.
 E = Time spent auto-exploring this place.
 F = Levels seen in this place.
 G = Mean time per level.
                   A        B        C        D        E       F      G
               +--------+--------+--------+--------+--------+-----+--------+
         Total |   1023 |   1023 |      0 |    108 |      0 |   2 |  511.5 |
       Dungeon |   1023 |   1023 |      0 |    108 |      0 |   2 |  511.5 |
               +--------+--------+--------+--------+--------+-----+--------+

Top non-repeatable levels by time:
     D:1: 752 daAuts
     D:2: 271 daAuts
